Map: Lerilak Crest

Players

TheZealot

  • Race: Protoss Protoss
  • League: Diamond

LilDicky - Winner!

  • Race: Terran Terran
  • League: Diamond

VOD

http://www.twitch.tv/tumescentpie

Description

Time

  • Played on: Dec. 24, 2015, 8:27 p.m.
  • Length: 4:25
Show
View Real Time Build Order
Export as new Build Order

TheZealot Protoss 

Build Orders: 1 Gate Expand 

Get SALT Encoding   

  12  0:01  Probe (Chrono Boost)  
  13  0:11  Probe (Chrono Boost)  
  14  0:17  Pylon  
  14  0:23  Probe (Chrono Boost)  
  15  0:36  Probe (Chrono Boost)  
  15  0:37  Gateway  
  16  0:46  Probe (Chrono Boost)  
  18  0:57  Probe (Chrono Boost)  
  18  1:15  Nexus  
  18  1:22  Assimilator  
  18  1:29  Cybernetics Core  
  18  1:32  Probe (Chrono Boost)  
  19  1:45  Probe (Chrono Boost)  
  20  1:47  Assimilator  
  20  1:52  Pylon  
  20  1:55  Probe (Chrono Boost)  
  21  2:05  Adept (Chrono Boost)  
  23  2:14  Warp Gate  
  23  2:29  Gateway  
  22  2:33  Stalker (Chrono Boost), Gateway  
  24  2:43  Mothership Core  
  26  2:59  Stalker (Chrono Boost)  
  28  3:18  Pylon  
  25  3:32  Robotics Facility  
  25  3:36  Pylon  
  21  3:55  Stalker (Chrono Boost)  
  21  3:56  Probe  
  21  4:02  Probe  
  22  4:08  Probe  
  24  4:13  Probe  
Show
View Real Time Build Order
Export as new Build Order

LilDicky Terran - Winner!

Build Orders:  

Get SALT Encoding   

  12  0:03  SCV  
  13  0:15  SCV  
  14  0:26  Supply Depot  
  14  0:30  Refinery  
  14  0:32  SCV  
  15  0:48  SCV  
  16  0:54  Barracks  
  16  1:00  SCV  
  17  1:12  SCV  
  18  1:24  SCV  
  19  1:41  Orbital Command  
  19  1:42  Supply Depot, Marine  
  19  1:45  Factory  
  20  2:01  Marine  
  20  2:08  SCV, Barracks  
  22  2:16  Barracks  
  22  2:25  Barracks Reactor  
  22  2:27  SCV  
  23  2:39  SCV  
  23  2:40  Refinery  
  23  2:42  Supply Depot, Widow Mine  
  26  2:51  SCV  
  27  2:58  Barracks Tech Lab  
  27  3:05  Barracks Tech Lab, Marine x2  
  26  3:06  SCV  
  26  3:10  Widow Mine  
  31  3:18  SCV  
  32  3:24  Marauder  
  32  3:26  Marine  
  35  3:30  Marine  
  35  3:32  SCV  
  37  3:34  Marine  
  38  3:52  Supply Depot  
  38  3:54  SCV  
  39  3:56  Starport  
  39  3:59  Supply Depot  
Tags
 
Add a new tag
Caveats
  • Supply blocks, unpowered buildings, or Contaminate may cause inaccurate times.
  • Supply counts are checked every 10 seconds.